 Dungeon Crawl Stone Soup version 0.27-a0-1140-g099f9bb0e8 (webtiles) character file.

Game seed: 16611728408248843207

1144 Froggeryz the Grappler (level 8, -1/63 HPs)
             Began as a Ghoul Monk on May 10, 2021.
             Was a Priest of Okawaru.
             Splashed by a jelly's acid (7 damage)
             ... on level 5 of the Dungeon.
             The game lasted 00:08:04 (4972 turns).

Froggeryz the Grappler (Ghoul Monk)                 Turns: 4972, Time: 00:08:05

Health: -1/63      AC: -2    Str: 17    XL:     8   Next: 37%
Magic:  10/10      EV: 12    Int:  5    God:    Okawaru [***...]
Gold:   263        SH:  0    Dex: 17    Spells: 7/7 levels left

rFire    . . .     SeeInvis .     - Unarmed
rCold    + . .     Faith    .   (no shield)
rNeg     + + +     Spirit   .   f - +0 leather armour
rPois    ∞         Reflect  .   b - +0 helmet
rElec    .         Harm     .   (no cloak)
rCorr    .         Rampage  .   (no gloves)
Will     .....                  l - +0 pair of boots
Stlth    ++........             a - amulet of the acrobat
HPRegen  0.00/turn              h - +6 ring of dexterity
MPRegen  0.12/turn              i - ring of flight

@: corroded, flying
A: claws 1, cold resistance 1, negative energy resistance 3, inhibited
regeneration, torment resistance 2, unbreathing 1
a: Renounce Religion, Heroism


You were on level 5 of the Dungeon.
You worshipped Okawaru.
Okawaru was most pleased with you.
You visited 1 branch of the dungeon, and saw 6 of its levels.

You collected 263 gold pieces.

Inventory:

Missiles
 s - 4 boomerangs of dispersal (quivered)
Armour
 b - a +0 helmet (worn)
 f - a +0 leather armour (worn)
 l - a +0 pair of boots (worn)
Jewellery
 a - an amulet of the acrobat (around neck)
 h - a +6 ring of dexterity (left claw)
 i - a ring of flight (right claw)
Wands
 d - a wand of mindburst (6)
 o - a wand of flame (17)
 t - a wand of digging (5)
Scrolls
 c - a scroll of enchant weapon
 e - 2 scrolls of blinking
 k - 3 scrolls of teleportation
 p - 2 scrolls of magic mapping
 r - a scroll of amnesia
 u - a scroll of identify
 v - a scroll of enchant armour {unknown}
Potions
 g - 3 potions of haste
 j - a potion of berserk rage {unknown}
 m - 2 potions of heal wounds
 n - 2 potions of curing
 q - 2 potions of invisibility


   Skills:
 - Level 3.2 Fighting
 - Level 3.0 Armour
 - Level 2.6 Dodging
 - Level 2.1 Stealth
 * Level 9.3 Unarmed Combat
 + Level 4.3 Invocations


You had 7 spell levels left.
You didn't know any spells.
Your spell library contained the following spells:

 Spells                   Type           Power      Damage    Failure   Level
 Animate Skeleton         Necr           0%         N/A       54%         1
 Apportation              Tloc           0%         N/A       54%         1
 Corona                   Hex            0%         N/A       54%         1
 Summon Small Mammal      Summ           0%         N/A       54%         1


Dungeon Overview and Level Annotations

Branches:
Dungeon (6/15)             Temple (0/1) D:6

Altars:
Ashenzari
Nemelex Xobeh
Okawaru
Trog
Xom
Yredelemnul

Shops:
D:1 (   D:4 *   D:5 *


Innate Abilities, Weirdness & Mutations

You thrive by killing the living.
You are immune to poison.
You have sharp fingernails.
Your flesh is cold resistant. (rC+)
You are immune to negative energy. (rN+++)
You do not regenerate when monsters are visible.
You are immune to unholy pain and torment.
You can survive without breathing.


Message History

The black bear is moderately wounded.
You scratch the black bear.
The black bear is moderately wounded.
The black bear bites you. The black bear claws you. x2
The howler monkey hoots and howls with incredible vigour!
You scratch the black bear but do no damage.
The black bear is moderately wounded.
The black bear completely misses you. The black bear claws you. x2
You are too injured to fight recklessly!
You scratch the black bear but do no damage.
The black bear is moderately wounded.
The black bear bites you. The black bear closely misses you.
The black bear claws you.
* * * LOW HITPOINT WARNING * * *
You closely miss the black bear.
The black bear is moderately wounded.
The black bear bites you.
* * * LOW HITPOINT WARNING * * *
The black bear claws you.
* * * LOW HITPOINT WARNING * * *
The black bear claws you.
* * * LOW HITPOINT WARNING * * *
Okay, then.
Okay, then.
An ogre comes into view. It is wielding a +0 giant club.
The howler monkey hoots and howls with incredible vigour!
You hear a shout!
The howler monkey hoots and howls with incredible vigour!
You hear a shout!
There is a stone staircase leading up here.
The jelly closely misses you.
You fly upwards.
There is a stone staircase leading down here.
You claw the jelly!
Your claws burn!
* * * LOW HITPOINT WARNING * * *
The jelly is heavily wounded.
The jelly hits you.
* * * LOW HITPOINT WARNING * * *
The acid corrodes you!
You are splashed with acid!
You die...

#........#....##...
#........#.....#.).
#........#.....#...
#........'.....#...
#........#.....#...
#........#....###'#
###'############....
#...................
#..@................
#.J.................
#...................
#...................
####################


You could see a jelly.

Vanquished Creatures
  A water moccasin (D:4)
  A necrophage (D:6)
  An ogre (D:6)
  A bullfrog (D:5)
  2 scorpions
  A water moccasin zombie (D:5)
  3 jellies
  A centaur zombie (D:6)
  A bullfrog zombie (D:6)
  3 hounds
  An orc priest (D:5)
  A bullfrog skeleton (D:6)
  3 iguanas
  2 hound skeletons (D:4)
  Robin (D:1)
  11 adders
  A howler monkey skeleton (D:5)
  A shadow imp (D:6)
  A white imp (D:6)
  An adder skeleton (D:5)
  2 worms (D:3)
  2 dart slugs
  5 orcs
  2 bats
  6 endoplasms
  3 giant cockroaches
  10 goblins
  8 hobgoblins
  4 jackals (D:2)
  7 kobolds
  A quokka (D:5)
  6 ball pythons
  7 frilled lizards
  A jackal skeleton (D:4)
  5 rats
107 creatures vanquished.

Notes
Turn   | Place    | Note
-------+----------+-------------------------------------------
     0 | D:1      | Froggeryz the Ghoul Monk began the quest for the Orb.
     0 | D:1      | Reached XP level 1. HP: 19/19 MP: 0/0
   403 | D:1      | Reached XP level 2. HP: 25/26 MP: 1/1
   425 | D:1      | Found Qeug's Antique Weapon Shoppe.
   606 | D:1      | Reached skill level 4 in Unarmed Combat
   846 | D:2      | Reached skill level 1 in Armour
   847 | D:2      | Noticed Robin
   869 | D:1      | Reached XP level 3. HP: 6/31 MP: 2/2
  1212 | D:1      | Killed Robin
  1547 | D:2      | Reached XP level 4. HP: 35/38 MP: 3/3
  1687 | D:2      | Reached skill level 5 in Unarmed Combat
  1996 | D:3      | Reached XP level 5. HP: 36/45 MP: 4/4
  2694 | D:4      | Found a shimmering altar of Xom.
  2741 | D:4      | Reached skill level 6 in Unarmed Combat
  2840 | D:4      | Reached XP level 6. HP: 51/51 MP: 5/5
  2975 | D:4      | Found Oxuclias's Serpentskin Sales.
  2975 | D:4      | Noticed a water moccasin
  3082 | D:4      | Found a basalt altar of Yredelemnul.
  3091 | D:4      | Found a bloodstained altar of Trog.
  3186 | D:4      | Found a broken altar of Ashenzari.
  3187 | D:4      | Found an iron altar of Okawaru.
  3310 | D:4      | Became a worshipper of Warmaster Okawaru
  3310 | D:4      | Reached * piety under Okawaru
  3310 | D:4      | Reached ** piety under Okawaru
  3494 | D:5      | Entered Level 5 of the Dungeon
  3799 | D:5      | Reached skill level 1 in Invocations
  3832 | D:5      | Reached skill level 7 in Unarmed Combat
  3833 | D:5      | Reached XP level 7. HP: 34/57 MP: 5/7
  4087 | D:5      | Found Rokioqec's General Store.
  4219 | D:5      | Found a sparkling altar of Nemelex Xobeh.
  4352 | D:5      | Reached skill level 8 in Unarmed Combat
  4762 | D:6      | Found a staircase to the Ecumenical Temple.
  4807 | D:6      | Reached XP level 8. HP: 63/63 MP: 9/9
  4825 | D:6      | Reached *** piety under Okawaru
  4829 | D:6      | Reached skill level 9 in Unarmed Combat
  4972 | D:5      | Splashed by a jelly's acid

Illustrated notes

Levels and vault maps discovered:
D:1:      dpeg_arrival_long_road, layout_rooms, serial_shops, shop,
          dk_noncrumbling_2, bh_walls_and_bars
D:2:      layout_loops_ring, feat_on_display, uniq_robin
D:3:      layout_rooms
D:4:      layout_cave_pods, xom_butterflies,
          chequers_temple_overflow_statue_of_worship, guppyfry_shop_venom
D:5:      layout_gridville, kennysheep_mini, serial_shops, shop_fountains
D:6:      layout_cave_pools, led_sif_pool, nicolae_uskayaw_dance_studio,
          minmay_temple_entry_stoned_glass, chequers_mini_garden

Skill      XL: |  1  2  3  4  5  6  7  8 |
---------------+-------------------------+-----
Unarmed Combat | 4 5 6 7 8 9 |  9.3
Armour         | 1 2 3 |  3.0
Invocations    | 1 3 4 |  4.3
Fighting       | |  3.2
Dodging        | |  2.6
Stealth        | |  2.1

Action                   |  1- 3 |  4- 6 |  7- 9 || total
-------------------------+-------+-------+-------++-------
Melee: Unarmed           |    95 |   186 |    83 ||   364
       Punch             |     1 |    10 |     2 ||    13
Evoke: Wand              |       |       |     3 ||     3
  Use: Scroll            |     4 |     3 |     4 ||    11
       Potion            |       |     4 |       ||     4
 Stab: Sleeping          |     2 |     6 |     1 ||     9
Armor: Robe              |     1 |       |       ||     1
       Leather armour    |    12 |    34 |    14 ||    60
Dodge: Dodged            |    42 |   104 |    48 ||   194

Table legend: (Time is in decaauts)
 A = Elapsed time spent in this place.
 B = Non-inter-level travel time spent in this place.
 C = Inter-level travel time spent in this place.
 D = Time resting spent in this place.
 E = Time spent auto-exploring this place.
 F = Levels seen in this place.
 G = Mean time per level.
                   A        B        C        D        E       F      G
               +--------+--------+--------+--------+--------+-----+--------+
         Total |   4934 |   4692 |    242 |    595 |   3244 |   6 |  822.3 |
       Dungeon |   4934 |   4692 |    242 |    595 |   3244 |   6 |  822.3 |
               +--------+--------+--------+--------+--------+-----+--------+

Top non-repeatable levels by time:
     D:1: 1245 daAuts
     D:5: 1124 daAuts
     D:4: 991 daAuts
     D:3: 730 daAuts
     D:2: 634 daAuts
     D:6: 207 daAuts
